Map: Terminal stellaire EC (Void)

Players

PaiN

  • Race: Protoss Protoss
  • League: Silver

Snake - Winner!

  • Race: Protoss Protoss
  • League: Silver

VOD

Have the link to the VOD?

Description

Time

  • Played on: Aug. 12, 2015, 6:25 a.m.
  • Length: 15:03
Show
View Real Time Build Order
Export as new Build Order

PaiN Protoss 

Build Orders:  

Get SALT Encoding   

  12  0:02  Probe  
  13  0:14  Pylon  
  13  0:18  Probe  
  14  0:32  Probe  
  15  0:39  Gateway  
  15  0:44  Probe (Chrono Boost)  
  15  0:46  Assimilator  
  16  0:55  Probe (Chrono Boost), Assimilator  
  17  1:01  Probe  
  18  1:14  Probe  
  18  1:17  Pylon  
  19  1:28  Cybernetics Core  
  19  1:29  Probe  
  20  1:41  Probe  
  21  2:04  Warp Gate (Chrono Boost)  
  21  2:06  Adept  
  23  2:11  Probe  
  23  2:13  Robotics Facility  
  24  2:20  Gateway  
  24  2:23  Probe  
  25  2:38  Probe  
  26  2:50  Mothership Core  
  28  3:05  Pylon  
  28  3:08  Pylon  
  28  3:09  Observer  
  28  3:17  Robotics Bay  
  28  3:40  Gateway  
  28  3:41  Observer  
  28  3:43  Nexus  
  29  3:52  Pylon  
  32  4:13  Disruptor  
  32  4:16  Adept x2  
  36  4:39  Forge  
  36  4:55  Pylon  
  36  5:18  Stalker x3  
  36  5:21  Gateway  
  45  5:22  Disruptor  
  45  5:28  Probe  
  46  5:38  Protoss Ground Weapons Level 1 (Chrono Boost)  
  46  5:39  Probe  
  46  5:40  Probe  
  46  5:41  Assimilator  
  48  5:43  Assimilator  
  48  5:51  Probe  
  48  5:52  Probe  
  50  5:58  Photon Cannon  
  50  6:03  Probe  
  51  6:10  Probe (Chrono Boost)  
  52  6:16  Probe (Chrono Boost)  
  53  6:22  Probe (Chrono Boost)  
  53  6:25  Extended Thermal Lance (Chrono Boost), Probe (Chrono Boost)  
  55  6:28  Probe (Chrono Boost)  
  56  6:33  Probe  
  56  6:38  Probe  
  58  6:45  Probe  
  59  6:49  Stalker x2  
  59  6:50  Probe  
  59  6:51  Stalker  
  66  7:00  Probe  
  67  7:02  Pylon  
  67  7:03  Probe  
  68  7:12  Pylon  
  68  7:20  Probe  
  68  7:21  Colossus (Chrono Boost)  
  75  7:28  Pylon  
  75  7:48  Twilight Council  
  75  7:50  Gateway  
  75  7:59  Gateway  
  80  8:08  Observer (Chrono Boost)  
  76  8:20  Probe (Chrono Boost)  
  76  8:22  Colossus (Chrono Boost)  
  82  8:27  Protoss Ground Weapons Level 2 (Chrono Boost)  
  82  8:29  Probe (Chrono Boost), Nexus  
  82  8:30  Blink  
  83  8:37  Probe  
  84  9:19  Warp Prism (Chrono Boost)  
  86  9:28  Stalker x3  
  92  9:41  Pylon  
  92  9:43  Pylon  
  92  9:45  Disruptor  
  92  9:47  Pylon  
  92  10:05  Templar Archives  
  94  10:07  Probe (Chrono Boost)  
  94  10:12  Probe x2 (Chrono Boost)  
  95  10:17  Probe (Chrono Boost)  
  95  10:20  Probe x2 (Chrono Boost)  
  98  10:24  Probe  
  94  10:37  Protoss Ground Weapons Level 3 (Chrono Boost)  
  93  10:56  High Templar x3  
  93  10:57  High Templar x3  
  101  11:00  Probe x2  
  107  11:11  Probe  
  108  11:12  Probe x2  
  108  11:14  Assimilator  
  108  11:15  Archon  
  108  11:16  Archon x2  
  108  11:17  Assimilator  
  110  11:20  Observer (Chrono Boost)  
  110  11:23  Probe  
  110  11:24  Probe  
  113  11:26  Probe  
  113  11:30  Pylon  
  114  11:35  Probe  
  114  11:38  Observer  
  116  11:56  Gateway  
  116  11:58  Gateway  
  116  12:03  Gateway  
  116  12:04  Gateway  
  116  12:06  Nexus  
  116  12:10  Gateway  
  116  12:13  Gateway  
  116  12:18  Pylon  
  116  12:33  High Templar x3  
  116  12:34  High Templar x3  
  128  12:37  Archon  
  128  12:38  Archon x2  
  128  12:42  Colossus (Chrono Boost)  
  134  12:50  Probe x3 (Chrono Boost), Assimilator  
  137  12:55  Assimilator  
  139  13:07  Probe (Chrono Boost)  
  139  13:08  Probe (Chrono Boost), Pylon  
  139  13:10  Pylon  
  139  13:12  Pylon  
  139  13:14  Pylon  
  139  13:17  Pylon  
  139  13:19  Protoss Ground Armor Level 1 (Chrono Boost)  
  139  13:21  Probe x2  
  139  13:22  Pylon  
  141  13:28  Pylon  
  141  13:29  Colossus  
  141  13:30  Stargate  
  141  13:31  Stargate  
  141  13:32  Stargate  
  141  13:34  Probe x3  
  150  13:44  Stalker x2  
  150  13:45  Stalker  
  150  13:48  Stalker  
  158  13:51  Probe  
  159  14:03  Probe  
  159  14:24  Stalker x2  
  159  14:25  Stalker x5  
  159  14:26  Stalker x2  
  161  14:42  Stalker x2  
  104  14:51  Stalker x2  
  104  14:52  Stalker x6  
  81  14:53  Stalker  
Show
View Real Time Build Order
Export as new Build Order

Snake Protoss - Winner!

Build Orders: Zealot Archon, Dark Templar Rush 

Get SALT Encoding   

  12  0:12  Pylon  
  12  0:13  Probe  
  13  0:26  Probe (Chrono Boost)  
  14  0:31  Gateway  
  14  0:38  Probe (Chrono Boost)  
  15  0:45  Assimilator  
  15  0:47  Probe (Chrono Boost)  
  16  0:55  Probe  
  17  1:03  Assimilator  
  17  1:07  Probe (Chrono Boost)  
  18  1:18  Cybernetics Core, Probe (Chrono Boost)  
  19  1:33  Probe (Chrono Boost), Pylon  
  20  1:45  Probe (Chrono Boost)  
  21  1:52  Probe (Chrono Boost)  
  22  1:55  Warp Gate (Chrono Boost)  
  22  1:59  Adept (Chrono Boost)  
  24  2:03  Mothership Core  
  26  2:20  Gateway  
  26  2:24  Twilight Council  
  26  2:49  Sentry  
  28  3:05  Dark Shrine  
  28  3:07  Zealot  
  30  3:22  Pylon  
  30  3:24  Gateway  
  30  3:34  Nexus  
  30  3:50  Gateway  
  30  4:03  Stalker  
  30  4:04  Stalker  
  34  4:12  Robotics Facility  
  34  4:19  Pylon  
  33  4:42  Dark Templar  
  33  4:43  Dark Templar  
  35  5:12  Stargate  
  35  5:16  Probe x2 (Chrono Boost)  
  37  5:26  Probe (Chrono Boost)  
  37  5:27  Probe (Chrono Boost)  
  39  5:33  Dark Templar, Probe x2  
  43  5:40  Dark Templar  
  45  5:43  Archon  
  45  5:45  Probe  
  45  5:46  Probe  
  47  5:57  Probe  
  47  5:58  Probe, Assimilator  
  47  6:00  Assimilator  
  49  6:07  Oracle (Chrono Boost)  
  49  6:09  Probe (Chrono Boost)  
  49  6:10  Probe (Chrono Boost)  
  54  6:15  Pylon  
  54  6:21  Probe (Chrono Boost)  
  54  6:22  Probe (Chrono Boost)  
  56  6:35  Phoenix (Chrono Boost)  
  56  6:37  Forge  
  56  6:38  Probe x2  
  60  6:47  Pylon  
  60  6:50  Probe x2  
  62  7:02  Probe  
  63  7:15  Nexus  
  63  7:18  Pylon  
  63  7:22  Pylon  
  63  7:29  Fleet Beacon  
  63  7:30  Phoenix (Chrono Boost)  
  63  7:33  Observer  
  63  7:35  Probe (Chrono Boost), Blink (Chrono Boost)  
  63  7:36  Probe (Chrono Boost)  
  68  7:45  Probe (Chrono Boost)  
  68  7:48  Stalker  
  68  7:50  Adept  
  73  7:58  Assimilator  
  73  8:03  Assimilator  
  73  8:09  Immortal (Chrono Boost)  
  77  8:23  Robotics Bay  
  77  8:25  Pylon  
  77  8:26  Probe x2 (Chrono Boost)  
  79  8:33  Probe (Chrono Boost)  
  80  8:37  Probe (Chrono Boost)  
  80  8:38  Probe (Chrono Boost)  
  82  8:42  Tempest (Chrono Boost)  
  82  8:48  Probe (Chrono Boost)  
  89  8:49  Probe (Chrono Boost)  
  89  8:53  Probe (Chrono Boost)  
  89  8:54  Protoss Ground Weapons Level 1 (Chrono Boost)  
  89  8:58  Probe (Chrono Boost)  
  90  9:09  Probe x3  
  93  9:14  Stargate  
  93  9:15  Stargate  
  93  9:21  Probe x3  
  99  9:27  Disruptor (Chrono Boost)  
  99  9:28  Stalker x2  
  103  9:33  Probe x2  
  103  9:35  Probe  
  106  9:42  Pylon  
  106  9:45  Probe x2, Pylon  
  111  9:57  Disruptor  
  111  9:58  Disruptor (Chrono Boost)  
  111  10:00  Tempest (Chrono Boost)  
  111  10:01  Gateway  
  111  10:04  Gateway  
  111  10:06  Gateway  
  115  10:14  Stalker x2  
  117  10:25  Protoss Ground Weapons Level 2  
  117  10:41  Tempest (Chrono Boost)  
  117  10:42  Tempest (Chrono Boost)  
  129  10:51  Tempest (Chrono Boost), Pylon  
  129  10:54  Gateway  
  129  11:08  Pylon x2  
  129  11:09  Pylon  
  135  11:13  Protoss Air Weapons Level 1 (Chrono Boost)  
  135  11:26  Carrier (Chrono Boost)  
  135  11:27  Carrier (Chrono Boost)  
  135  11:34  Nexus  
  135  11:36  Assimilator  
  135  11:38  Assimilator  
  147  12:05  Gateway  
  147  12:08  Gateway  
  147  12:09  Templar Archives  
  147  12:10  Gateway  
  147  12:21  Warp Prism (Chrono Boost)  
  147  12:22  Pylon  
  149  12:26  Pylon  
  149  12:29  Pylon  
  149  12:31  Carrier (Chrono Boost)  
  149  12:33  Dark Templar x2  
  149  12:34  Dark Templar x4  
  161  12:39  Archon x2  
  161  12:40  Archon  
  167  13:32  High Templar x4  
  167  13:33  Stalker x2  
  179  13:36  Archon x2  
  179  13:59  Stalker x4  
  179  14:02  Disruptor x2  
  187  14:04  Stalker x4  
  160  14:48  High Templar  
  160  14:49  High Templar x3  
  160  14:50  Zealot x4  
  170  14:52  Archon  
  170  14:53  Archon  
Tags
 
Add a new tag
Caveats
  • Supply blocks, unpowered buildings, or Contaminate may cause inaccurate times.
  • Supply counts are checked every 10 seconds.